[Event "January 9 Late 2024"]
[Site "https://www.chess.com"]
[Date "2024.01.09"]
[Round "4"]
[White "Harish, Neeraj"]
[Black "Martins, Bruno Andre Leite"]
[Result "0-1"]
[Board "169"]
[TimeControl "180+1"]
[WhiteFideId "30958130"]
[BlackFideId "1942255"]
[WhiteElo "2257"]
[BlackElo "2507"]
[WhiteTeam "USA"]
[BlackTeam "POR"]
[WhiteClock "0:00:00"]
[BlackClock "0:00:55"]

1. e4 c5 2. Nf3 d6 3. d4 cxd4 4. Nxd4 Nf6 5. Nc3 Bd7 6. Be3 e5 7. Ndb5 Bc6 8. Nd5 Bxd5 9. exd5 a6 10. Nc3 Nbd7 11. Be2 g6 12. O-O Bg7 13. f4 exf4 14. Bd4 O-O 15. Rxf4 Ne5 16. Qf1 Nfd7 17. Qf2 b5 18. Ne4 Qe7 19. Rf1 f5 20. Ng3 Bh6 21. Nh5 gxh5 22. Rxf5 Rxf5 23. Qxf5 h4 24. Bd3 Rf8 25. Qh5 Rxf1+ 26. Kxf1 Qf7+ 27. Qxf7+ Nxf7 28. Bf5 Nfe5 29. Be6+ Kf8 30. Bxe5 Nxe5 31. Bc8 a5 32. Ba6 b4 33. Be2 Bc1 34. b3 Kg7 35. Kf2 Kf6 36. g3 h3 37. Bf1 Ng4+ 38. Kg1 Be3+ 39. Kh1 Nf2+ 40. Kg1 Ke5 0-1

[Event "January 9 Late 2024"]
[Site "https://www.chess.com"]
[Date "2024.01.09"]
[Round "4"]
[White "Jose Iraeta, Alejandro"]
[Black "Petre, Nad-Titus"]
[Result "0-1"]
[Board "171"]
[TimeControl "180+1"]
[WhiteFideId "2226537"]
[BlackFideId "1204165"]
[WhiteElo "2235"]
[BlackElo "2502"]
[WhiteTeam "ESP"]
[BlackTeam "ROU"]
[WhiteClock "0:00:00"]
[BlackClock "0:00:26"]

1. e4 d6 2. d4 Nf6 3. Nc3 c6 4. Bd3 e5 5. dxe5 dxe5 6. Nf3 Nbd7 7. O-O Bb4 8. Bd2 O-O 9. a3 Be7 10. Re1 a5 11. Be3 Qc7 12. h3 b5 13. Ne2 Bc5 14. Bxc5 Nxc5 15. Ng3 Rd8 16. Qe2 g6 17. Rad1 Ba6 18. Qe3 Nxd3 19. Rxd3 Rxd3 20. cxd3 b4 21. d4 exd4 22. Nxd4 Re8 23. Ndf5 Qe5 24. Qh6 Nd7 25. Rd1 Nf8 26. f4 Qc5+ 27. Kh2 Ne6 28. Nd6 Rd8 29. f5 Rxd6 30. Rxd6 Qxd6 31. fxe6 Qxe6 32. Qe3 Bb5 33. axb4 axb4 34. Qc5 h5 35. Qxb4 h4 36. Ne2 Qe5+ 0-1

[Event "January 9 Late 2024"]
[Site "https://www.chess.com"]
[Date "2024.01.09"]
[Round "4"]
[White "Novikova, Galina"]
[Black "Gonzalez Vega, Alejandro"]
[Result "1-0"]
[Board "172"]
[TimeControl "180+1"]
[WhiteFideId "4157095"]
[BlackFideId "3510042"]
[WhiteElo "2501"]
[BlackElo "2242"]
[WhiteTeam "RUS"]
[BlackTeam "CUB"]
[WhiteClock "0:00:52"]
[BlackClock "0:00:00"]

1. e4 c5 2. Nf3 a6 3. b4 cxb4 4. a3 d5 5. e5 Nc6 6. axb4 Nxb4 7. c3 Nc6 8. d4 Bg4 9. Bd3 e6 10. h3 Bh5 11. O-O Rc8 12. Bf4 Nge7 13. Nbd2 Bg6 14. Be2 h6 15. Qb3 Qd7 16. c4 Bh7 17. Bg3 g5 18. Bd3 Bxd3 19. Qxd3 Bg7 20. Rfb1 O-O 21. c5 Na7 22. h4 g4 23. Ne1 Nf5 24. Nc2 Nb5 25. Nb3 Rc7 26. h5 Rd8 27. Ne3 Nxg3 28. fxg3 Qe7 29. Nxg4 Qg5 30. Qf3 Kh8 31. Qf4 Nc3 32. Qxg5 hxg5 33. h6 Bf8 34. Rf1 Ne2+ 35. Kf2 Nc3 36. Ke3 Ne4 37. Rf3 Kh7 38. Nd2 Kg6 39. Nxe4 dxe4 40. Kxe4 Bxh6 41. Rf6+ Kg7 42. Nxh6 Rcd7 43. Rd1 a5 44. Ng4 Ra8 45. Rf3 a4 46. Ra3 Rd5 47. Ne3 Rd7 48. Rda1 b5 49. cxb6 Rb7 50. Rxa4 Rxa4 51. Rxa4 Rxb6 52. Ra8 Rb2 53. Kf3 Rb3 54. g4 Rd3 55. Ke4 Rd2 56. Ra5 Re2 57. d5 exd5+ 58. Rxd5 Re1 59. Kf3 Ra1 60. Nf5+ Kg6 61. Rd6+ Kh7 62. Rh6+ Kg8 63. Rb6 Ra2 64. Rb7 Ra3+ 65. Kf2 Ra2+ 66. Kg3 Ra3+ 67. Kh2 Ra2 68. Nh6+ 1-0

[Event "January 9 Late 2024"]
[Site "https://www.chess.com"]
[Date "2024.01.09"]
[Round "4"]
[White "Skurikhin, Dmitrij"]
[Black "Mizzi, Jack"]
[Result "0-1"]
[Board "173"]
[TimeControl "180+1"]
[WhiteFideId "4161297"]
[BlackFideId "5602521"]
[WhiteElo "2228"]
[BlackElo "2499"]
[WhiteTeam "RUS"]
[BlackTeam "MLT"]
[WhiteClock "0:00:00"]
[BlackClock "0:00:04"]

1. d4 Nf6 2. Nf3 e6 3. c4 d5 4. Nc3 Be7 5. Bg5 O-O 6. e3 h6 7. Bh4 Ne4 8. Bg3 Nxc3 9. bxc3 Nd7 10. Bd3 dxc4 11. Bxc4 c5 12. O-O a6 13. a4 b6 14. Qe2 Bb7 15. Rfd1 Qc8 16. e4 cxd4 17. cxd4 Bxe4 18. Nd2 Bc6 19. Bxe6 fxe6 20. Qxe6+ Rf7 21. Rac1 Nc5 22. Qxc8+ Rxc8 23. dxc5 Bxc5 24. a5 Ba4 25. Re1 Rcf8 26. axb6 Bxb6 27. Ne4 Bb5 28. Bd6 Rd8 29. Bg3 Rdf8 30. Bd6 Rd8 31. Bg3 Rfd7 32. Nc3 Ba5 33. h4 Kh7 34. Re3 Rc8 35. Be5 Bd3 36. Na2 Rxc1+ 37. Nxc1 Bb5 38. Nb3 Bb6 39. Rg3 a5 40. h5 a4 41. Rg6 Ba7 0-1

[Event "January 9 Late 2024"]
[Site "https://www.chess.com"]
[Date "2024.01.09"]
[Round "4"]
[White "Gryshko, Vitalii"]
[Black "Ferriz Barrios, Andres"]
[Result "1-0"]
[Board "174"]
[TimeControl "180+1"]
[WhiteFideId "14174286"]
[BlackFideId "5104467"]
[WhiteElo "2498"]
[BlackElo "2228"]
[WhiteTeam "UKR"]
[BlackTeam "MEX"]
[WhiteClock "0:01:32"]
[BlackClock "0:01:03"]

1. c4 e5 2. d3 Nf6 3. Nf3 Bd6 4. a3 O-O 5. Nc3 c6 6. g3 Bc7 7. Bg2 d5 8. d4 exd4 9. Qxd4 dxc4 10. Qxc4 Be6 11. Qh4 Nd5 12. Ng5 h6 13. Nxe6 fxe6 14. Qxd8 Rxd8 15. Ne4 Nd7 16. O-O N5f6 17. Be3 Nxe4 18. Bxe4 Nf6 19. Bf3 Nd5 20. Bd4 e5 21. Bc5 b6 22. Bb4 a5 23. Bd2 Kf7 24. Rad1 Ne7 25. Bc3 g6 26. Rc1 Rac8 27. Rfd1 Rxd1+ 28. Rxd1 Rd8 29. Rxd8 Bxd8 30. Bxe5 Ke6 31. Bd4 c5 32. Be3 h5 33. Bg5 Bc7 34. Be4 Be5 35. b3 Nf5 36. Bd3 Bb2 37. a4 Bd4 38. e3 Bc3 39. Bd8 h4 40. Bxb6 hxg3 41. hxg3 Bb4 42. g4 Nh6 43. f3 Nf7 44. Bxg6 Ne5 45. Bf5+ Kd6 46. Kf2 c4 47. bxc4 Nxc4 48. Bd4 Bc5 49. Bxc5+ Kxc5 50. g5 Kd6 51. f4 Ke7 52. Kf3 Nb6 53. Bc2 Nd5 54. f5 Kf7 55. Bb3 1-0

[Event "January 9 Late 2024"]
[Site "https://www.chess.com"]
[Date "2024.01.09"]
[Round "4"]
[White "Palmer, Reegan"]
[Black "Santos Flores, Alberto"]
[Result "0-1"]
[Board "175"]
[TimeControl "180+1"]
[WhiteFideId "14322145"]
[BlackFideId "3601234"]
[WhiteElo "2221"]
[BlackElo "2498"]
[WhiteTeam "RSA"]
[BlackTeam "ECU"]
[WhiteClock "0:00:00"]
[BlackClock "0:00:21"]

1. e4 e6 2. Qe2 c5 3. Nf3 Nc6 4. g3 g6 5. Bg2 Bg7 6. c3 Nge7 7. O-O O-O 8. d3 d6 9. Nbd2 Rb8 10. a4 a6 11. Rd1 b5 12. Nf1 b4 13. d4 bxc3 14. bxc3 cxd4 15. cxd4 d5 16. e5 Na5 17. Ba3 Nc4 18. Bc5 Re8 19. Ne3 Nxe3 20. Qxe3 Nc6 21. Rdb1 Bd7 22. Bf1 a5 23. Bb5 Bf8 24. Bxf8 Rxf8 25. Qh6 f6 26. Bxc6 Rxb1+ 27. Rxb1 Bxc6 28. Ra1 Qe7 29. Qd2 Qa7 30. exf6 Rxf6 31. Ne5 Be8 32. f4 Rf8 33. Qc3 Qb6 34. Qc5 Qb2 35. Rc1 Bxa4 36. Qc3 Qxc3 37. Rxc3 Rb8 38. Rc5 Bb5 39. Rc7 Ra8 40. Rc5 Be8 41. Rc3 a4 42. Ra3 Rb8 43. Kf2 Rb2+ 44. Kg1 Rb3 45. Ra2 a3 46. Rc2 Rb1+ 47. Kf2 Rb2 48. Rxb2 axb2 0-1

[Event "January 9 Late 2024"]
[Site "https://www.chess.com"]
[Date "2024.01.09"]
[Round "4"]
[White "Sailer, Mike"]
[Black "Pourkashiyan, Atousa"]
[Result "0-1"]
[Board "176"]
[TimeControl "180+1"]
[WhiteFideId "2012901"]
[BlackFideId "12502014"]
[WhiteElo "2216"]
[BlackElo "2494"]
[WhiteTeam "USA"]
[BlackTeam "USA"]
[WhiteClock "0:00:00"]
[BlackClock "0:00:05"]

1. d4 Nf6 2. Bg5 e6 3. Nd2 d5 4. e3 Be7 5. Bd3 Nbd7 6. c3 c5 7. f4 O-O 8. Ngf3 b6 9. O-O Bb7 10. Ne5 Nxe5 11. fxe5 Ne4 12. Bxe7 Qxe7 13. Nxe4 dxe4 14. Bc2 Qg5 15. Rf4 f6 16. exf6 Rxf6 17. Rxf6 gxf6 18. Qe2 cxd4 19. cxd4 Bd5 20. Bb3 Bxb3 21. axb3 a5 22. Rc1 Ra7 23. Rc3 Rg7 24. Rc8+ Kf7 25. Rc7+ Kg6 26. Rxg7+ Kxg7 27. h3 h5 28. Qd2 Kh6 29. Kh1 Qb5 30. Qf2 Qg5 31. Qe1 Kg6 32. Qc3 Qg3 33. Qd2 h4 34. Qc3 Qf2 35. Qc1 Qe2 36. Qc3 Qd3 37. Qe1 Qxb3 38. Qxh4 Qxe3 39. Qg4+ Kf7 40. Qh5+ Ke7 41. Qh7+ Kd6 42. Qb7 Qc1+ 43. Kh2 Qc7 44. Qa6 Kd5+ 45. Kh1 Kxd4 46. Qe2 Qc1+ 47. Kh2 Qf4+ 48. Kh1 Qc1+ 49. Kh2 e3 50. Qg4+ Kd3 51. Qxe6 e2 52. Qd5+ Kc2 53. Qc4+ Kd2 54. Qd4+ Ke1 55. Qh4+ Kf1 56. Qf4+ Qxf4+ 0-1

[Event "January 9 Late 2024"]
[Site "https://www.chess.com"]
[Date "2024.01.09"]
[Round "4"]
[White "Bullen, Alex"]
[Black "Goncalves, Davi Sulzbacher"]
[Result "0-1"]
[Board "177"]
[TimeControl "180+1"]
[WhiteFideId "1801627"]
[BlackFideId "2154510"]
[WhiteElo "2213"]
[BlackElo "2493"]
[WhiteTeam "WLS"]
[BlackTeam "BRA"]
[WhiteClock "0:02:33"]
[BlackClock "0:02:17"]

1. d4 Nf6 2. Nf3 g6 3. Nbd2 Bg7 4. e4 d6 5. Bd3 O-O 6. O-O Nc6 7. Re1 e5 8. dxe5 Nxe5 9. Nxe5 dxe5 10. Nc4 Re8 11. b3 Bg4 12. Be2 Qxd1 13. Bxd1 Bxd1 14. Rxd1 Nxe4 15. Re1 Nd6 16. Na5 e4 17. Rb1 Bc3 0-1

[Event "January 9 Late 2024"]
[Site "https://www.chess.com"]
[Date "2024.01.09"]
[Round "4"]
[White "Tao, Sihan"]
[Black "Abdi, Farzad"]
[Result "0-1"]
[Board "178"]
[TimeControl "180+1"]
[WhiteFideId "30982677"]
[BlackFideId "2076829"]
[WhiteElo "2492"]
[BlackElo "2211"]
[WhiteTeam "USA"]
[BlackTeam "USA"]
[WhiteClock "0:00:16"]
[BlackClock "0:01:01"]

1. d4 d5 2. c4 e6 3. Nf3 Nf6 4. Nc3 Be7 5. Bf4 O-O 6. e3 c5 7. dxc5 dxc4 8. Bxc4 Qa5 9. O-O Qxc5 10. Qd4 Nc6 11. Qxc5 Bxc5 12. Nb5 a6 13. Nd6 b5 14. Be2 Rd8 15. Rfd1 Nd5 16. Nxc8 Nxf4 17. Rxd8+ Nxd8 18. exf4 Rxc8 19. Rd1 Nc6 20. Kf1 Nb4 21. a3 Nd5 22. g3 Bb6 23. Ne1 Kf8 24. Bf3 Rc5 25. Bxd5 Rxd5 26. Rxd5 exd5 27. Ke2 Ke7 28. Nd3 Kd6 29. f3 a5 30. f5 a4 31. g4 Bd4 32. h3 Bf6 33. Kd2 d4 34. Kc2 Kd5 35. b3 Be7 36. bxa4 bxa4 37. Kb2 Bd6 38. Ka2 Kc4 39. Nb2+ Kc3 40. Nxa4+ Kc2 41. Nb6 d3 42. Nc4 d2 43. Ne3+ Kd3 44. Nd1 Ke2 45. Nc3+ Kxf3 46. a4 Bb4 47. Nd1 Ke2 48. Nb2 Bc3 49. a5 Bxa5 50. Kb3 d1=Q+ 51. Nxd1 Kxd1 52. Kc4 Bd8 53. Kd5 Ke2 54. Kd6 Kf3 55. Kd7 Bg5 56. Ke8 f6 57. Kf7 Bh6 58. Kg8 Kg3 59. Kxh7 Kxh3 60. g5 fxg5 61. f6 gxf6 62. Kxh6 g4 63. Kh5 g3 64. Kh6 g2 65. Kh5 g1=Q 66. Kh6 f5 67. Kh5 f4 68. Kh6 f3 69. Kh5 f2 70. Kh6 f1=Q 71. Kh5 Qf5+ 72. Kh6 Qfg6# 0-1

[Event "January 9 Late 2024"]
[Site "https://www.chess.com"]
[Date "2024.01.09"]
[Round "4"]
[White "Ferrufino, Boris"]
[Black "Novikov, Evgenij"]
[Result "1-0"]
[Board "179"]
[TimeControl "180+1"]
[WhiteFideId "3300170"]
[BlackFideId "4125380"]
[WhiteElo "2184"]
[BlackElo "2491"]
[WhiteTeam "BOL"]
[BlackTeam "RUS"]
[WhiteClock "0:00:11"]
[BlackClock "0:00:00"]

1. e4 c5 2. Nf3 Nc6 3. Bb5 g6 4. Bxc6 dxc6 5. d3 Bg7 6. Nc3 e5 7. Be3 Qe7 8. h3 Nf6 9. Qd2 Nd7 10. Bh6 O-O 11. Nh2 Rd8 12. Qe3 Bxh6 13. Qxh6 Nf8 14. O-O-O f6 15. f4 exf4 16. Qxf4 Ne6 17. Qf2 Nd4 18. Ng4 Bxg4 19. hxg4 Qe5 20. Rdf1 Qg5+ 21. Kb1 Rf8 22. Rh4 Rad8 23. Rfh1 Rd7 24. Ne2 Qd2 25. Re1 Qxc2+ 26. Ka1 Qxd3 27. Nxd4 Rxd4 28. Rhh1 c4 29. e5 c3 30. exf6 c2 31. f7+ Kg7 32. Rc1 Rxg4 33. Qc5 Qd4 34. Rxh7+ Kxh7 35. Qxf8 Qd1 36. Qg8+ Kh6 37. f8=Q+ Kg5 38. Qe7+ Kf4 39. Qc4+ Kg3 40. Qe3+ Kh4 41. Qh3+ Kg5 42. Qxc2 Qxc2 43. Rxc2 Rf4 44. Qe3 Kg4 45. Rf2 Rc4 46. Qf3+ Kg5 47. a3 Rc2 48. Qf4+ 1-0

[Event "January 9 Late 2024"]
[Site "https://www.chess.com"]
[Date "2024.01.09"]
[Round "4"]
[White "Martins, Vinicius Tine"]
[Black "Glashausser, Sho"]
[Result "1-0"]
[Board "180"]
[TimeControl "180+1"]
[WhiteFideId "2112884"]
[BlackFideId "30908329"]
[WhiteElo "2490"]
[BlackElo "2180"]
[WhiteTeam "BRA"]
[BlackTeam "USA"]
[WhiteClock "0:00:08"]
[BlackClock "0:00:00"]

1. d4 e6 2. Nf3 f5 3. Bf4 Nf6 4. e3 d6 5. h3 g6 6. Nbd2 Bg7 7. Bd3 Nc6 8. O-O O-O 9. c3 Qe8 10. Bh2 e5 11. dxe5 dxe5 12. e4 f4 13. Bb5 Kh8 14. Bxc6 bxc6 15. Qa4 a5 16. Nc4 Ba6 17. Nfd2 Bb5 18. Qb3 a4 19. Qc2 g5 20. f3 Qe6 21. b3 Rfd8 22. Rfd1 Bf8 23. Kf1 Nh5 24. Bg1 Ng3+ 25. Ke1 h5 26. Bf2 g4 27. hxg4 hxg4 28. Bxg3 fxg3 29. Ke2 gxf3+ 30. gxf3 g2 31. Rg1 Qh3 32. Rae1 Bc5 33. Kd1 Bxg1 34. Rxg1 axb3 35. axb3 Qxf3+ 36. Kc1 Qf2 37. Nf3 1-0

[Event "January 9 Late 2024"]
[Site "https://www.chess.com"]
[Date "2024.01.09"]
[Round "4"]
[White "Tqebuchava, Zurab"]
[Black "D`Arruda, Ricardo D."]
[Result "1-0"]
[Board "181"]
[TimeControl "180+1"]
[WhiteFideId "13601113"]
[BlackFideId "100692"]
[WhiteElo "2178"]
[BlackElo "2488"]
[WhiteTeam "GEO"]
[BlackTeam "ARG"]
[WhiteClock "0:00:17"]
[BlackClock "0:00:00"]

1. e4 c5 2. Nf3 Nc6 3. Bb5 g6 4. Bxc6 bxc6 5. O-O Bg7 6. Nc3 Nf6 7. d3 O-O 8. Be3 d6 9. h3 e5 10. Nh2 Nh5 11. Ne2 f5 12. exf5 gxf5 13. f4 e4 14. dxe4 fxe4 15. c3 Ba6 16. Rf2 Bxe2 17. Qxe2 Ng3 18. Qc4+ Kh8 19. Nf1 Nf5 20. Qxe4 d5 21. Qf3 c4 22. Bc5 Re8 23. Re2 Qa5 24. Bb4 Qb6+ 25. Kh2 c5 26. Ba3 d4 27. cxd4 cxd4 28. Rae1 Red8 29. Re6 Qb5 30. Qe4 d3 31. Nd2 Nd4 32. Re7 Nf5 33. Rf7 Re8 34. Qf3 Rxe1 35. Qxa8+ Re8 36. Qf3 Bd4 37. Qh5 1-0

[Event "January 9 Late 2024"]
[Site "https://www.chess.com"]
[Date "2024.01.09"]
[Round "4"]
[White "Martinez Pla, Xavier"]
[Black "Vila Dupla, Aurelio"]
[Result "1-0"]
[Board "182"]
[TimeControl "180+1"]
[WhiteFideId "32074271"]
[BlackFideId "2203383"]
[WhiteElo "2487"]
[BlackElo "2176"]
[WhiteTeam "ESP"]
[BlackTeam "ESP"]
[WhiteClock "0:01:05"]
[BlackClock "0:00:00"]

1. e4 c5 2. Nf3 d6 3. Bb5+ Nd7 4. c4 e5 5. O-O Nf6 6. Nc3 Be7 7. d3 h6 8. Ne1 O-O 9. f4 exf4 10. Bxf4 Ne5 11. h3 a6 12. Ba4 Be6 13. Nf3 Nfd7 14. Bxd7 Nxd7 15. Qe1 Bf6 16. Qg3 Ne5 17. Nxe5 dxe5 18. Bxh6 b5 19. Rad1 Kh7 20. Be3 bxc4 21. dxc4 Qe7 22. Nd5 Bxd5 23. Rxd5 Rfc8 24. Rfd1 Ra7 25. Qg4 Rac7 26. b3 a5 27. g3 a4 28. Rd7 Qe8 29. h4 Rxd7 30. Rxd7 axb3 31. axb3 Rb8 32. Rd3 Qc8 33. Qxc8 Rxc8 34. Kf1 Kg6 35. Ke2 Kh5 36. Kf3 g5 37. hxg5 Bxg5 38. Bf2 Kg6 39. Rd6+ f6 40. Rb6 Bd2 41. Rb5 Bb4 42. g4 Rc6 43. Be3 Rc8 44. Rb6 Kg7 45. g5 fxg5 46. Bxg5 Rc7 47. Kg4 Kf7 48. Kf5 Bc3 49. Bf6 Rd7 50. Bxe5 Bxe5 51. Kxe5 Re7+ 52. Kd5 1-0

[Event "January 9 Late 2024"]
[Site "https://www.chess.com"]
[Date "2024.01.09"]
[Round "4"]
[White "Hungaski, Robert"]
[Black "Jing, Andrew"]
[Result "1-0"]
[Board "183"]
[TimeControl "180+1"]
[WhiteFideId "2021030"]
[BlackFideId "30984076"]
[WhiteElo "2481"]
[BlackElo "2158"]
[WhiteTeam "USA"]
[BlackTeam "USA"]
[WhiteClock "0:00:18"]
[BlackClock "0:00:30"]

1. d4 Nf6 2. c4 g6 3. Nc3 Bg7 4. Nf3 O-O 5. Bg5 h6 6. Bh4 g5 7. Bg3 d6 8. e3 Nh5 9. Nd2 Nxg3 10. hxg3 e5 11. dxe5 dxe5 12. Qc2 c6 13. a3 a5 14. Rd1 Qe7 15. Nde4 f5 16. Nd6 Be6 17. c5 Na6 18. Na4 Rad8 19. Bxa6 bxa6 20. e4 f4 21. O-O g4 22. Nb6 f3 23. Nbc4 Qg5 24. Ne3 Qh5 25. Ndf5 fxg2 26. Kxg2 Qh3+ 27. Kg1 h5 28. Rxd8 Rxd8 29. Rd1 Rf8 30. Ng2 Bf6 31. Nfh4 Be7 32. b4 axb4 33. axb4 Rf3 34. Rd3 Bxh4 35. Nxh4 Rf6 36. Qd2 Kg7 37. Rd8 Kf7 38. Qd6 Kg7 39. Qe7+ Bf7 40. Qf8+ Kh7 41. Qh8# 1-0

[Event "January 9 Late 2024"]
[Site "https://www.chess.com"]
[Date "2024.01.09"]
[Round "4"]
[White "Petersson, Kjell"]
[Black "Czerw, Dawid"]
[Result "0-1"]
[Board "184"]
[TimeControl "180+1"]
[WhiteFideId "1705148"]
[BlackFideId "1145746"]
[WhiteElo "2145"]
[BlackElo "2476"]
[WhiteTeam "SWE"]
[BlackTeam "POL"]
[WhiteClock "0:00:00"]
[BlackClock "0:00:06"]

1. d4 c5 2. d5 e6 3. Nc3 Nf6 4. e4 e5 5. Nf3 d6 6. Nd2 Be7 7. a4 O-O 8. Nc4 g6 9. Bh6 Re8 10. Be2 Bf8 11. Be3 Bg7 12. O-O Rf8 13. a5 Ne8 14. f4 exf4 15. Bxf4 a6 16. Nb6 Ra7 17. Ra3 Nd7 18. Nc4 Qe7 19. Bf3 Ne5 20. Bxe5 Bxe5 21. Nxe5 Qxe5 22. Qd2 Ra8 23. Na4 Rb8 24. Rb3 Nf6 25. Re1 Nd7 26. Kh1 Qe7 27. Qf4 Ne5 28. Be2 f5 29. Nb6 fxe4 30. Qxe4 Bf5 31. Qe3 Bxc2 32. Rc3 Bf5 33. Qg3 Rbe8 34. Re3 Qf7 35. Bf1 Be4 36. h3 Bxd5 37. Nxd5 Qxd5 38. b3 Qd4 39. Kh2 Qf4 40. Bc4+ Kg7 41. Qxf4 Rxf4 42. Bd5 Re7 43. R3e2 Rd4 44. Be4 d5 45. Bc2 Kf6 46. Rf1+ Ke6 47. Rfe1 Kd6 48. Kg1 Rf4 49. Kh2 Rff7 50. Rd2 Nc6 51. Red1 Nd4 52. Bb1 Re2 53. Rxe2 Nxe2 54. Re1 Re7 55. Rd1 Nc3 56. Rc1 Nxb1 57. Rxb1 d4 58. Rd1 Kd5 59. Kg3 Re3+ 60. Kf2 Rxb3 61. Rc1 c4 62. Ke2 Rb2+ 63. Kf3 c3 64. g4 Kc4 65. Ke4 d3 66. h4 Re2+ 67. Kf3 c2 68. Ra1 Kc3 69. Ra3+ Kd2 70. Ra2 Kd1 71. Ra1+ c1=Q 72. Rxc1+ Kxc1 73. h5 Re1 74. hxg6 d2 75. gxh7 d1=Q+ 0-1

[Event "January 9 Late 2024"]
[Site "https://www.chess.com"]
[Date "2024.01.09"]
[Round "4"]
[White "Aung Thant Zin"]
[Black "Fiedorek, Michal"]
[Result "0-1"]
[Board "185"]
[TimeControl "180+1"]
[WhiteFideId "13000063"]
[BlackFideId "1199528"]
[WhiteElo "2143"]
[BlackElo "2468"]
[WhiteTeam "MYA"]
[BlackTeam "POL"]
[WhiteClock "0:01:15"]
[BlackClock "0:01:53"]

1. e4 c5 2. Nf3 d6 3. Bb5+ Nd7 4. O-O a6 5. Bxd7+ Bxd7 6. c3 Nf6 7. Re1 g6 8. d4 Bg7 9. a4 O-O 10. a5 Qc7 11. h3 Rac8 12. Bf4 cxd4 13. cxd4 Qc2 14. Qxc2 Rxc2 15. Bc1 Rfc8 16. Nc3 Bc6 17. d5 Bd7 18. Nd4 R2xc3 19. bxc3 Rxc3 20. Bb2 Rc8 21. f3 Nh5 22. Rac1 Nf4 23. Rxc8+ Bxc8 24. Rc1 Bxd4+ 25. Bxd4 Ne2+ 0-1

[Event "January 9 Late 2024"]
[Site "https://www.chess.com"]
[Date "2024.01.09"]
[Round "4"]
[White "Nikologorsky, Matfei"]
[Black "Harrington, Steve"]
[Result "1-0"]
[Board "186"]
[TimeControl "180+1"]
[WhiteFideId "24102474"]
[BlackFideId "2038730"]
[WhiteElo "2468"]
[BlackElo "2143"]
[WhiteTeam "FID"]
[BlackTeam "USA"]
[WhiteClock "0:00:42"]
[BlackClock "0:00:00"]

1. e4 c5 2. Nf3 e6 3. d4 cxd4 4. Nxd4 Nf6 5. Bd3 Nc6 6. Nxc6 bxc6 7. O-O d5 8. Nc3 Be7 9. Qe2 a5 10. e5 Nd7 11. f4 Qc7 12. Kh1 g6 13. Nd1 Nc5 14. Nf2 Nxd3 15. cxd3 c5 16. Bd2 Bb7 17. Rfc1 h5 18. b3 Qb6 19. Be3 a4 20. bxa4 Rxa4 21. Qc2 Qc6 22. Bxc5 Bxc5 23. Qxc5 Qxc5 24. Rxc5 Rxf4 25. Kg1 O-O 26. Rb1 Ba6 27. Rc3 Ra4 28. Rb2 Ra8 29. Nh3 Kf8 30. Ng5 Ra7 31. g3 Ke7 32. Rf2 Ke8 33. Nh7 Bb7 34. Nf6+ Kd8 35. Rcc2 d4 36. Nh7 Rb4 37. Rxf7 Rb1+ 38. Rf1 Rb5 39. Ng5 Rxe5 40. Nf7+ 1-0

[Event "January 9 Late 2024"]
[Site "https://www.chess.com"]
[Date "2024.01.09"]
[Round "4"]
[White "Hejazipour, Mitra"]
[Black "Spichkin, Alexander"]
[Result "1/2-1/2"]
[Board "187"]
[TimeControl "180+1"]
[WhiteFideId "12505951"]
[BlackFideId "4144074"]
[WhiteElo "2444"]
[BlackElo "2466"]
[WhiteTeam "FRA"]
[BlackTeam "RUS"]
[WhiteClock "0:00:18"]
[BlackClock "0:01:19"]

1. e4 e5 2. Nf3 d5 3. exd5 e4 4. Ne5 Qxd5 5. d4 exd3 6. Nxd3 Nc6 7. Nc3 Bb4 8. Bd2 Bxc3 9. Bxc3 Nf6 10. Qe2+ Be6 11. Nf4 Qf5 12. Nxe6 fxe6 13. O-O-O O-O 14. f3 Nd5 15. Bd2 a5 16. Qc4 Ncb4 17. a3 b5 18. Qe4 Qf6 19. Bxb5 Rfb8 20. c4 c6 21. cxd5 Rxb5 22. Qxe6+ Qxe6 23. dxe6 Nd3+ 24. Kc2 Nxb2 25. Rb1 Nc4 26. Rxb5 cxb5 27. Bc1 Ra6 28. Re1 Kf8 29. f4 g6 30. g4 b4 31. axb4 axb4 32. Kb3 Nb6 33. f5 gxf5 34. gxf5 Nd5 35. Kc4 Rd6 36. Bh6+ Ke8 37. Kc5 Rd8 38. Bg5 Ne7 39. f6 Rd5+ 40. Kxb4 Rxg5 41. fxe7 Kxe7 42. Kc4 Rg2 43. h3 Rg3 44. Kd5 Rxh3 45. Ra1 Rh5+ 46. Ke4 Kxe6 47. Ra6+ Kf7 48. Ra7+ Kf6 49. Kf4 Rb5 50. Rxh7 Rb4+ 51. Ke3 Ke5 52. Rh5+ Kf6 53. Rh6+ Kg5 54. Rc6 Kf5 55. Rc5+ Kg4 56. Rd5 Rb3+ 57. Rd3 Rxd3+ 58. Kxd3 1/2-1/2

[Event "January 9 Late 2024"]
[Site "https://www.chess.com"]
[Date "2024.01.09"]
[Round "4"]
[White "Peczely, Sebastian Zsombor"]
[Black "Dahlgren, James Allen"]
[Result "1-0"]
[Board "188"]
[TimeControl "180+1"]
[WhiteFideId "750964"]
[BlackFideId "22256873"]
[WhiteElo "2464"]
[BlackElo "2118"]
[WhiteTeam "HUN"]
[BlackTeam "ESP"]
[WhiteClock "0:00:26"]
[BlackClock "0:00:05"]

1. e4 e6 2. d4 c5 3. Nf3 cxd4 4. Nxd4 Nf6 5. Nc3 Bb4 6. e5 Nd5 7. Qg4 Kf8 8. a3 Bxc3+ 9. bxc3 Nxc3 10. a4 Nc6 11. Ba3+ Kg8 12. Bd6 Qa5 13. Nb3 Qd5 14. Bc4 Nxe5 15. Bxd5 Nxg4 16. Bf3 f5 17. Nc5 Nd5 18. c4 Nb4 19. h3 Nc2+ 20. Kd2 Nxa1 21. hxg4 fxg4 22. Bxg4 b6 23. Bf3 bxc5 24. Rxa1 Bb7 25. Bxb7 Re8 26. Bxc5 Kf7 27. Bxa7 h5 28. a5 h4 29. a6 h3 30. gxh3 Rxh3 31. Be3 d5 32. cxd5 exd5 33. Bxd5+ Kf6 34. a7 Rhxe3 35. fxe3 1-0

[Event "January 9 Late 2024"]
[Site "https://www.chess.com"]
[Date "2024.01.09"]
[Round "4"]
[White "Bochnicka, Vladimir"]
[Black "Ghosh, Chanchal Kumer"]
[Result "1-0"]
[Board "189"]
[TimeControl "180+1"]
[WhiteFideId "14943450"]
[BlackFideId "10201858"]
[WhiteElo "2462"]
[BlackElo "2116"]
[WhiteTeam "SVK"]
[BlackTeam "BAN"]
[WhiteClock "0:01:20"]
[BlackClock "0:00:35"]

1. e4 c5 2. Nf3 d6 3. d4 cxd4 4. Nxd4 Nf6 5. Nc3 a6 6. Be3 e5 7. Nb3 Be6 8. f3 Be7 9. Qd2 Nbd7 10. O-O-O b5 11. g4 Qc7 12. g5 Nh5 13. Kb1 O-O 14. Nd5 Bxd5 15. Qxd5 Nb6 16. Qd2 Nc4 17. Bxc4 bxc4 18. Nc1 Rab8 19. Ne2 Rfc8 20. Nc3 Qa5 21. Ka1 Rxb2 22. Kxb2 Rb8+ 23. Ka1 d5 24. Nxd5 Qa3 25. Nxe7+ Kf8 26. Rb1 Rxb1+ 27. Rxb1 1-0

[Event "January 9 Late 2024"]
[Site "https://www.chess.com"]
[Date "2024.01.09"]
[Round "4"]
[White "Ezat, Mohamed"]
[Black "Yushko, Olga"]
[Result "1-0"]
[Board "190"]
[TimeControl "180+1"]
[WhiteFideId "10600906"]
[BlackFideId "14114500"]
[WhiteElo "2455"]
[BlackElo "2116"]
[WhiteTeam "EGY"]
[BlackTeam "UKR"]
[WhiteClock "0:01:22"]
[BlackClock "0:00:48"]

1. d4 d5 2. c4 e6 3. Nc3 Nf6 4. cxd5 exd5 5. Bg5 c6 6. Qc2 Bd6 7. e3 O-O 8. Bd3 h6 9. Bh4 Nbd7 10. Nf3 Qc7 11. O-O Re8 12. Rac1 Nf8 13. Nb5 Qe7 14. Nxd6 Qxd6 15. Ne5 Ne4 16. Bxe4 dxe4 17. Bg3 Qd5 18. b3 Bf5 19. Qc4 Qxc4 20. Nxc4 Re7 21. Nd6 Bg6 22. b4 Rd8 23. b5 cxb5 24. Nxb5 a6 25. Nc3 Rc8 26. Nd5 Ree8 27. Rxc8 Rxc8 28. Ne7+ Kh7 29. Nxc8 1-0

[Event "January 9 Late 2024"]
[Site "https://www.chess.com"]
[Date "2024.01.09"]
[Round "4"]
[White "De Souza, Arthur Olintho"]
[Black "Garrido Diaz, Jose Antonio"]
[Result "0-1"]
[Board "191"]
[TimeControl "180+1"]
[WhiteFideId "2116200"]
[BlackFideId "24516252"]
[WhiteElo "2093"]
[BlackElo "2449"]
[WhiteTeam "BRA"]
[BlackTeam "ESP"]
[WhiteClock "0:00:00"]
[BlackClock "0:02:42"]

1. e4 c5 2. Nc3 g6 3. Nge2 Bg7 4. d3 Nc6 5. Be3 d6 6. h3 Nf6 7. g4 O-O 8. Bg2 Rb8 9. a4 a6 10. O-O b5 11. axb5 axb5 12. Qd2 b4 13. Nd1 Nd7 14. Bh6 Nd4 15. Nxd4 cxd4 16. Bxg7 Kxg7 17. f4 Qc7 18. f5 Ne5 19. b3 Bd7 20. Nb2 Bb5 21. Nc4 Bxc4 0-1